 Dungeon Crawl Stone Soup version 0.21-a0-243-g597973d (webtiles) character file.

39 Kidiri the Magician (level 3, 0/19 HPs)
             Began as a Deep Elf Fire Elementalist on Sept 4, 2017.
             Slain by an adder (2 damage)
             ... on level 1 of the Dungeon.
             The game lasted 00:04:39 (645 turns).

Kidiri the Magician (Deep Elf Fire Elementalist)     Turns: 645, Time: 00:04:40

Health: 0/19       AC:  2    Str:  5    XL:     3   Next: 28%
Magic:  0/11       EV: 13    Int: 20    God:
Gold:   63         SH:  0    Dex: 15    Spells: 2/11 levels left

rFire    . . .     SeeInvis .   g - +0 dagger
rCold    . . .     Gourm    .   (no shield)
rNeg     . . .     Faith    .   a - +0 robe
rPois    .         Spirit   .   (no helmet)
rElec    .         Reflect  .   (no cloak)
rCorr    .         Harm     .   (no gloves)
MR       .....                  (no boots)
Stlth    ++........             (no amulet)
HPRegen  0.06/turn              (no ring)
MPRegen  0.12/turn              (no ring)

@: lethally poisoned (0 -> -12)
A: no striking features
a: no special abilities


You were on level 1 of the Dungeon.
You were not hungry.

You visited 1 branch of the dungeon, and saw 2 of its levels.

You collected 63 gold pieces.

Inventory:

Hand Weapons
 g - a +0 dagger (weapon)
Armour
 a - a +0 robe (worn)
Scrolls
 f - a scroll of identify {unknown}
 i - a scroll of teleportation {unknown}
 j - a scroll of immolation {unknown}
Potions
 e - a potion of curing {unknown}
Books
 b - a book of Flames

   Spells                             Type                      Level
   a - Flame Tongue                   Conjuration/Fire             1
   b - Throw Flame                    Conjuration/Fire             2
   c - Conjure Flame                  Conjuration/Fire             3
   d - Inner Flame                    Hexes/Fire                   3
   e - Sticky Flame                   Conjuration/Fire             4
   f - Fireball                       Conjuration/Fire             5
Comestibles
 c - a bread ration
 d - 6 chunks of flesh
 h - a meat ration


   Skills:
 - Level 2.4 Dodging
 - Level 2.4 Stealth
 * Level 4.5 Spellcasting
 + Level 1.8 Conjurations
 + Level 3.5 Fire Magic


You had 2 spell levels left.
You knew the following spells:

 Your Spells              Type           Power        Failure   Level  Hunger
a - Flame Tongue          Conj/Fire      ###..        4%          1    None
b - Throw Flame           Conj/Fire      ###...       6%          2    #......
c - Conjure Flame         Conj/Fire      ###.....     12%         3    ##.....
d - Inner Flame           Hex/Fire       ##......     19%         3    ##.....


Dungeon Overview and Level Annotations

Branches:
Dungeon (2/15)

Altars:


Message History

The adder barely misses you.
You closely miss the adder.
The adder is almost dead.
The adder bites you.
You are lethally poisoned!
The adder poisons you! The adder bites you.
* * * LOW HITPOINT WARNING * * *
You are more poisoned.
The adder poisons you!
Unknown command.
Casting: Flame Tongue
Confirm with . or Enter, or press ? or * to list all spells.
Aiming: Flame Tongue
Press: ? - help, Shift-Dir - straight line, f/p - adder
Aim: an adder (almost dead)
The flame tongue hits the adder.
The adder appears unharmed.
The adder is almost dead.
* * * LOW HITPOINT WARNING * * *
You feel sick. The adder bites you.
You die...

#.# #.# #.# ## ####.#
.# #....# .# #....# .#
#....#
.##########....######
.'รท.....)(.....>@S..#
.#############.####.#
## #.# #.# #.# #.#
#.####.# #......#
########


You could see an adder.

Vanquished Creatures
  A gnoll (D:1)
  A dart slug (D:1)
  2 bats (D:1)
  A giant cockroach (D:1)
  7 goblins
  3 hobgoblins
  4 kobolds
  2 ball pythons
  3 frilled lizards (D:1)
  2 rats (D:1)
26 creatures vanquished.

Notes
Turn   | Place    | Note
-------+----------+-------------------------------------------
     0 | D:1      | Kidiri the Deep Elf Fire Elementalist began the quest for the Orb.
     0 | D:1      | Reached XP level 1. HP: 10/10 MP: 6/6
   276 | D:1      | Reached XP level 2. HP: 13/15 MP: 4/8
   280 | D:1      | Learned a level 2 spell: Throw Flame
   394 | D:1      | Reached skill level 4 in Spellcasting
   559 | D:1      | Reached XP level 3. HP: 19/19 MP: 7/10
   565 | D:1      | Learned a level 3 spell: Conjure Flame
   569 | D:1      | Learned a level 3 spell: Inner Flame
   645 | D:1      | Slain by an adder

Vault maps used:
D:1:      dpeg_arrival_rooms_c, minmay_misc_feat_tower
D:2:      first_bread

Skill      XL: |  1  2 |
---------------+-------+-----
Spellcasting   | 4 |  4.5
Dodging        | |  2.4
Stealth        | |  2.4
Conjurations   | |  1.8
Fire Magic     | |  3.5

Action                   || total
-------------------------++-------
Melee: Unarmed           ||     9
       Dagger            ||    12
 Cast: Flame Tongue      ||    42
       Throw Flame       ||     2
       Conjure Flame     ||     1
Armor: Robe              ||     7
Dodge: Dodged            ||    26

Table legend:
 A = Spawn XP
 B = Non-spawn XP
 C = Spawn XP percentage of total XP
 D = Spawn monster count
 E = Non-spawn monster count
 F = Spawn count percentage of total count
 G = Total turns spent on level
                    A         B        C        D         E        F      G
               +---------+---------+-------+---------+---------+-------+---------
         Total |       1 |      56 |   1.8 |       1 |      25 |   3.8 |   645
               +---------+---------+-------+---------+---------+-------+---------
           D:1 |       1 |      47 |   2.1 |       1 |      20 |   4.8 |   622
           D:2 |       0 |       9 |   0.0 |       0 |       5 |   0.0 |    23
               +---------+---------+-------+---------+---------+-------+---------
